 Dungeon Crawl Stone Soup version 0.18-a0-1677-g2bdad6c (webtiles) character file.

44 George the Covered (level 3, -18/33 HPs)
             Began as a Minotaur Fighter on Apr 2, 2016.
             Demolished by an ogre
             ... wielding a +0 giant spiked club
              (26 damage)
             ... on level 4 of the Dungeon.
             The game lasted 00:01:25 (856 turns).

George the Covered (Minotaur Fighter)                Turns: 856, Time: 00:01:26

Health: -18/33     AC:  7    Str: 21    XL:     3   Next: 39%
Magic:  2/2        EV:  7    Int:  5    God:
Gold:   48         SH:  9    Dex:  9    Spells: 0 memorised, 2 levels left

rFire  + . .     SeeInvis .     a - +0 long sword
rCold  . . .     Gourm    .     b - +0 scale mail
rNeg   . . .     Faith    .     c - +0 shield
rPois  .         Spirit   .     (helmet restricted)
rElec  .         Dismiss  .     (no cloak)
rCorr  .         Reflect  .     (no gloves)
SustAt .         Harm     .     (no boots)
MR     .....     Rnd*Tele +     (no amulet)
Stlth  ..........               p - ring of teleportation (curse)
                                h - ring of protection from fire

@: lethally poisoned (-18 -> -22), not resistant to hostile enchantments,
extremely unstealthy
A: retaliatory headbutt, horns 2
a: no special abilities


You were on level 4 of the Dungeon.
You were not hungry.

You visited 1 branch of the dungeon, and saw 3 of its levels.

You collected 48 gold pieces.

Inventory:

Hand Weapons
 a - a +0 long sword (weapon)
Armour
 b - a +0 scale mail (worn)
 c - a +0 shield (worn)
Jewellery
 h - a ring of protection from fire (left hand)
 m - an uncursed ring of resist corrosion
 p - a cursed ring of teleportation (right hand)
Scrolls
 j - 3 scrolls of remove curse {unknown}
 l - a scroll of recharging {unknown}
 n - a scroll of immolation {unknown}
Potions
 d - a potion of might
 g - 2 potions of haste {unknown}
 k - a potion of flight {unknown}
 o - a potion of lignification {unknown}
 q - a potion of agility {unknown}
Comestibles
 f - a bread ration
 i - 2 meat rations


   Skills:
 + Level 4.1 Fighting
 + Level 3.2 Long Blades
 + Level 4.2 Armour
 + Level 3.9 Shields


You had 2 spell levels left.
You didn't know any spells.

Dungeon Overview and Level Annotations

Branches:
Dungeon (2/15)

Altars:


Innate Abilities, Weirdness & Mutations

You reflexively headbutt those who attack you in melee.
You have a pair of horns on your head.


Message History

You block the hobgoblin's attack. The goblin barely misses you.
The adder bites you.
You are poisoned.
The adder poisons you! You block the ogre's attack.
You hit the ogre. Your headbutt misses the ogre.
The ogre is heavily wounded.
You feel sick.
The hobgoblin hits you but does no damage. x2
You block the adder's attack.
The hobgoblin hits you but does no damage.
The goblin hits you but does no damage.
Your shield and scale mail prevent you from hitting the ogre.
You headbutt the ogre.
The ogre is severely wounded.
You feel sick. The adder bites you. You block the hobgoblin's attack.
The hobgoblin hits you with a club.
* * * LOW HITPOINT WARNING * * *
The ogre hits you with a giant spiked club!!
Ouch! That really hurt!
You die...

###### ######
#.....# #......
+(.....###.......
#.....gS#........
.....gg@#........
......ggOg.......
.......g#........
#.......#........
+......###.......
#.....# #......
###### ######


You could see an ogre, an adder, 3 hobgoblins and 4 goblins.

Vanquished Creatures
  An ooze (D:1)
  A worm (D:2)
  A giant gecko (D:1)
  4 bats (D:1)
  A giant cockroach (D:2)
  5 goblins
  6 hobgoblins (D:1)
  3 jackals (D:1)
  3 kobolds
  A quokka (D:2)
  2 giant newts (D:1)
  3 rats
31 creatures vanquished.

Notes
Turn   | Place    | Note
--------------------------------------------------------------
     0 | D:1      | George the Minotaur Fighter began the quest for the Orb.
     0 | D:1      | Reached XP level 1. HP: 19/19 MP: 0/0
    22 | D:1      | Reached XP level 2. HP: 25/27 MP: 1/1
   287 | D:1      | Reached XP level 3. HP: 33/33 MP: 2/2
   848 | D:2      | You fall through a shaft for 2 floors!
   848 | D:4      | Noticed an ogre
   856 | D:4      | Demolished by an ogre

Vault maps used:
D:1:      dpeg_arrival_stonehenge_8_columns
D:4:      minmay_goblin_kobold_castle, grunt_temple_overflow_open, temple_green,
          first_bread, roderic_filled_cross, uniq_grinder, uniq_pikel

Skill      XL: |  1  2 |
---------------+-------+-----
Armour         | 4 |  4.2
Fighting       | 4 |  4.1
Long Blades    | 3 |  3.2
Shields        | |  3.9

Action                   || total
-------------------------++-------
Melee: Long sword        ||    65
